 Dungeon Crawl Stone Soup version 0.31-a0-949-g57150269e1 (webtiles) character file.

Game seed: 6263089186384760266

3078 greenreed the Thaumaturge (level 9, 0/45 HPs)
             Began as a Deep Elf Earth Elementalist on Oct 21, 2023.
             Succumbed to a kobold brigand's curare-tipped dart
             ... on level 7 of the Dungeon.
             The game lasted 00:17:03 (6729 turns).

greenreed the Thaumaturge (DEEE)                    Turns: 6729, Time: 00:17:05

Health: 0/45       AC:  5    Str:  5    XL:     9   Next: 58%
Magic:  9/25       EV: 16    Int: 27    God:
Gold:   433        SH:  0    Dex: 19    Spells: 15/29 levels left

rFire   . . .        k - +9 whip "Amiokoci" {flame, Drain Int+2 Dex+4 Stlth+}
rCold   . . .        (no shield)
rNeg    . . .        D - +0 steam dragon scales
rPois   .            (no helmet)
rElec   .            (no cloak)
rCorr   .            (no gloves)
SInv    .            (no boots)
Will    +....        p - amulet of regeneration
Stlth   +++          v - ring of wizardry
HPRegen 1.07/turn    t - ring of willpower
MPRegen 0.19/turn

%: wizardry (x1)
@: lethally poisoned (0 -> -8), slowed, very slow
A: no striking features
a: no special abilities


You were on level 7 of the Dungeon.
You visited 1 branch of the dungeon, and saw 7 of its levels.

You collected 433 gold pieces.

Inventory:

Hand Weapons
 k - the +9 whip "Amiokoci" (weapon) {flame, Drain Int+2 Dex+4 Stlth+}
   (You found it on level 2 of the Dungeon)

   Int+2:     It affects your intelligence (+2).
   Dex+4:     It affects your dexterity (+4).
   Drain:     It drains your maximum health when unequipped.
   Stlth+:    It makes you more stealthy.
 w - the +5 flail of the Butterfly {heavy, rF+ rC+ Str+2 SInv}
   (You found it on level 4 of the Dungeon)

   Str+2:     It affects your strength (+2).
   rF+:       It protects you from fire.
   rC+:       It protects you from cold.
   SInv:      It lets you see invisible.
Armour
 A - a +0 leather armour of cold resistance
 D - +0 steam dragon scales (worn)
Jewellery
 c - a +4 ring of slaying
 h - an amulet of faith
 p - an amulet of regeneration (around neck)
 t - a ring of willpower (right hand)
 u - a ring of magical power
 v - a ring of wizardry (left hand)
Wands
 a - a wand of roots (8)
 y - a wand of acid (9)
 B - a wand of mindburst (5)
Scrolls
 d - a scroll of noise {unknown}
 e - 2 scrolls of immolation {unknown}
 f - 2 scrolls of revelation {unknown}
 g - 6 scrolls of identify {unknown}
 i - 3 scrolls of vulnerability {unknown}
 x - a scroll of butterflies {unknown}
 z - a scroll of fear {unknown}
 C - 3 scrolls of teleportation {unknown}
 F - a scroll of enchant armour {unknown}
Potions
 b - a potion of magic
 j - a potion of resistance {unknown}
 l - 2 potions of attraction {unknown}
 m - a potion of might {unknown}
 n - a potion of haste {unknown}
 o - a potion of cancellation {unknown}
 q - a potion of brilliance {unknown}
 r - 5 potions of ambrosia {unknown}
 s - a potion of heal wounds {unknown}
 E - a potion of berserk rage {unknown}


   Skills:
 + Level 6.9 Dodging
 - Level 2.4 Stealth
 * Level 10.6 Spellcasting
 + Level 4.1 Conjurations
 - Level 4.0 Transmutations
 * Level 9.2 Earth Magic


You had 15 spell levels left.
You knew the following spells:

 Your Spells              Type           Power      Damage    Failure   Level
a - Sandblast             Erth           100%       2d20      1%          1
b - Passwall              Tmut/Erth      41%        N/A       1%          2
c - Stone Arrow           Conj/Erth      100%       3d13      1%          3
d - Petrify               Tmut/Erth      50%        N/A       1%          4
e - Brom's Barrelling Bo  Conj/Erth      50%        2d7       1%          4

Your spell library contained the following spells:

 Spells                   Type           Power      Damage    Failure   Level
 Slow                     Hex            56%        N/A       1%          1
 Confusing Touch          Hex            14%        N/A       4%          3
 Sigil of Binding         Hex            14%        N/A       4%          3
 Summon Guardian Golem    Hex/Summ       14%        N/A       4%          3
 Vampiric Draining        Necr           14%        2d7       4%          3
 Volatile Blastmotes      Fire/Tloc      28%        2d12      4%          3
 Fulminant Prism          Conj/Hex       12%        3d8       7%          4
 Iskenderun's Mystic Bla  Conj/Tloc      25%        2d7       7%          4
 Orb of Destruction       Conj           18%        9d8       91%         7
 Spellforged Servitor     Conj/Summ      12%        N/A       99%         7


Dungeon Overview and Level Annotations

Branches:
Dungeon (7/15)
 Temple: D:4-7

Altars:
Cheibriados
Makhleb
Ru
Zin

Shops:
D:6 (

Annotations:
D:5 Edmund


Message History

Aiming: Brom's Barrelling Boulder (dangerous; 1% risk of failure)
Press: ? - help, Dir - move target, f/p - kobold
Aim: a kobold, wielding a +0 dagger (100% to hit)
You cannot create a boulder in an occupied space.
Okay, then.
You are too injured to fight recklessly!
You feel very sick.
Casting: Brom's Barrelling Boulder (dangerous; 1% risk of failure)
Confirm with . or Enter, or press ? or * to list all spells.
Aiming: Stone Arrow (safe; 1% risk of failure)
Press: ? - help, Shift-Dir - straight line, f/p - kobold
Aim: a kobold, wielding a +0 dagger (72% to hit)
The stone arrow hits the kobold!
You kill the kobold!
You feel very sick.
The kobold brigand throws a curare-tipped dart.
The curare-tipped dart hits you.
You are lethally poisoned!
You have difficulty breathing.
* * * LOW HITPOINT WARNING * * *
You feel as though you will be slow longer.
Casting: Stone Arrow (safe; 1% risk of failure)
Confirm with . or Enter, or press ? or * to list all spells.
Aiming: Stone Arrow (safe; 1% risk of failure)
Press: ? - help, Shift-Dir - straight line, f - kobold
Aim: a kobold, wielding a +0 short sword (72% to hit)
The stone arrow hits the kobold!!
You kill the kobold!
* * * LOW HITPOINT WARNING * * *
You feel extremely sick.
The kobold brigand throws a curare-tipped dart.
The curare-tipped dart barely misses you.
Casting: Stone Arrow (safe; 1% risk of failure)
Confirm with . or Enter, or press ? or * to list all spells.
Aiming: Stone Arrow (safe; 1% risk of failure)
Press: ? - help, Shift-Dir - straight line, f - kobold brigand
Aim: a kobold brigand, wielding a +0 short sword and quivering curare-tipped darts (lightly wounded, 72% to hit)
The stone arrow hits the kobold brigand!!
The kobold brigand is almost dead.
You die...

### ############..
##..........#..
##...........#..
#.........⌠..#.. .#
######...............
...#....#...............
.....##............###..
#.....@#..........# ##.
##.#...K.........## #.
#..####.........# #. ##
#.......... #..
#..............#
#...)..... .###
#...))).... .......5..
...........


You could see a kobold brigand.

Vanquished Creatures
  Maggie (D:6)
  A steam dragon (D:6)
  4 humans (D:6)
  A water moccasin (D:6)
  2 ice beasts (D:5)
  A black bear (D:5)
  A centaur (D:5)
  A kobold brigand (D:4)
  A phantom (D:5)
  6 scorpions
  4 wights (D:6)
  A quasit (D:7)
  4 orc priests
  A gnoll bouda (D:4)
  7 hounds
  2 iguanas
  6 orc wizards
  15 gnolls (D:4)
  7 adders
  2 shadow imps
  2 white imps (D:7)
  An ufetubus (D:7)
  2 worms
  A dart slug (D:1)
  40 orcs
  9 bats
  4 endoplasms
  4 giant cockroaches
  8 goblins
  6 hobgoblins
  12 jackals (D:4)
  2 quokkas
  8 ball pythons
  7 frilled lizards
  12 kobolds
186 creatures vanquished.

Vanquished Creatures (collateral kills)
  3 boulders
3 creatures vanquished.

Vanquished Creatures (others)
  2 boulders (D:6)
2 creatures vanquished.

Grand Total: 191 creatures vanquished

Notes
Turn   | Place    | Note
-------+----------+-------------------------------------------
     0 | D:1      | greenreed the Deep Elf Earth Elementalist began the quest
                  | for the Orb.
     0 | D:1      | Reached XP level 1. HP: 10/10 MP: 6/6
   321 | D:1      | Reached XP level 2. HP: 15/15 MP: 4/8
  1308 | D:2      | Reached XP level 3. HP: 19/19 MP: 8/10
  1413 | D:2      | Identified the +9 whip "Amiokoci" {flame, Drain Int+2 Dex+4
                  | Stlth+}
  1713 | D:2      | Reached skill level 4 in Spellcasting
  1822 | D:2      | Found a faded altar of an unknown god.
  2282 | D:3      | Learned a level 2 spell: Passwall
  2301 | D:3      | Reached XP level 4. HP: 24/24 MP: 10/12
  2380 | D:3      | Reached XP level 5. HP: 28/28 MP: 14/14
  3022 | D:4      | Reached skill level 5 in Spellcasting
  3229 | D:4      | Identified the +5 flail of the Butterfly {heavy, rF+ rC+
                  | Str+2 SInv}
  3553 | D:4      | Reached skill level 5 in Earth Magic
  3553 | D:4      | Reached XP level 6. HP: 32/32 MP: 14/16
  3679 | D:4      | Reached skill level 6 in Spellcasting
  3908 | D:4      | Reached XP level 7. HP: 27/36 MP: 14/18
  4380 | D:5      | Entered Level 5 of the Dungeon
  4385 | D:5      | Reached skill level 7 in Spellcasting
  4631 | D:5      | Learned a level 3 spell: Stone Arrow
  4640 | D:5      | Reached skill level 5 in Dodging
  4688 | D:5      | Reached XP level 8. HP: 30/41 MP: 17/21
  4757 | D:5      | Found a snail-covered altar of Cheibriados.
  4757 | D:5      | Noticed Edmund
  4825 | D:5      | Reached skill level 1 in Conjurations
  4939 | D:5      | Reached skill level 8 in Spellcasting
  5099 | D:5      | Found a sacrificial altar of Ru.
  5301 | D:5      | Found a glowing silver altar of Zin.
  5369 | D:5      | Found a burning altar of Makhleb.
  5469 | D:6      | Noticed Maggie
  5586 | D:6      | Reached skill level 9 in Spellcasting
  5857 | D:5      | Learned a level 4 spell: Petrify
  5882 | D:5      | Learned a level 4 spell: Brom's Barrelling Boulder
  5898 | D:6      | Reached XP level 9. HP: 30/45 MP: 16/24
  6043 | D:6      | Killed Maggie
  6100 | D:6      | Reached skill level 10 in Spellcasting
  6536 | D:6      | Found Nuz Boe's Weapon Shop.
  6729 | D:7      | Succumbed to a kobold brigand's curare-tipped dart

Illustrated notes

Levels and vault maps discovered:
D:1:      dpeg_arrival_short_road, layout_basic
D:2:      layout_loops_corners, shapermc_ecumenical_altar_pompeii,
          minmay_misc_feat_five
D:3:      layout_basic, kennysheep_big_empty_room
D:4:      lemuel_castle_with_subvaults [lemuel_castle_interior_carwin_1],
          layout_basic
D:5:      layout_cave_pods, zin_statuary, nicolae_overflow_hidden_temple,
          hangedman_ru_absence, makhleb_blood_cavern_becter, uniq_edmund
D:6:      layout_rooms, serial_shops, kennysheep_little_box, minmay_ruffians,
          uniq_maggie
D:7:      layout_rooms, old_standard_altar, minmay_temple_entry_from_below_a,
          enter_bailey_5, serial_demonic, serial_demonic_d, serial_demonic_c,
          serial_demonic_g, serial_demonic_d, serial_demonic_d,
          serial_demonic_f, serial_demonic_d, serial_demonic_e,
          serial_demonic_b, serial_demonic_g, hangedman_decor_push,
          minmay_misc_feat_four_crosses

Skill      XL: |  1  2  3  4  5  6  7  8  9 |
---------------+----------------------------+-----
Dodging        | 3 4 5 6 |  6.9
Spellcasting   | 4 5 6 7 9 10 | 10.6
Transmutations | 2 3 4 |  4.0
Earth Magic    | 4 5 6 8 9 |  9.2
Conjurations   | 3 4 |  4.1
Stealth        | |  2.4

Action                     |  1- 3 |  4- 6 |  7- 9 || total
---------------------------+-------+-------+-------++-------
  Melee: Whip              |     1 |    15 |    21 ||    37
   Cast: Sandblast         |    57 |    83 |   126 ||   266
         Brom's Barrelling |       |       |     7 ||     7
         Stone Arrow       |       |       |    11 ||    11
         Petrify           |       |       |     2 ||     2
 Armour: Robe              |     6 |    27 |    23 ||    56
         Steam dragon scal |       |       |    20 ||    20
  Dodge: Dodged            |     6 |    23 |    63 ||    92

Table legend: (Time is in decaauts)
 A = Elapsed time spent in this place.
 B = Non-inter-level travel time spent in this place.
 C = Inter-level travel time spent in this place.
 D = Time resting spent in this place.
 E = Time spent auto-exploring this place.
 F = Levels seen in this place.
 G = Mean time per level.
                   A        B        C        D        E       F      G
               +--------+--------+--------+--------+--------+-----+--------+
         Total |   6869 |   6610 |    259 |    439 |   5077 |   7 |  981.3 |
       Dungeon |   6869 |   6610 |    259 |    439 |   5077 |   7 |  981.3 |
               +--------+--------+--------+--------+--------+-----+--------+

Top non-repeatable levels by time:
     D:4: 1467 daAuts
     D:5: 1458 daAuts
     D:1: 1237 daAuts
     D:2: 1023 daAuts
     D:6: 879 daAuts
     D:3: 736 daAuts
     D:7: 66 daAuts
